 Dungeon Crawl Stone Soup version 0.31-a0-675-g238779eb0a (webtiles) character file.

Game seed: 10969467363547011559

1307 qw the Skirmisher (level 8, 0/50 HPs)
             Began as a Gargoyle Hunter on Sept 5, 2023.
             Killed by divine providence
             ... invoked by an orc priest
              (16 damage)
             ... on level 6 of the Dungeon.
             The game lasted 00:01:55 (3992 turns).

qw the Skirmisher (Gargoyle Hunter)                 Turns: 3992, Time: 00:01:56

Health: 0/50       AC: 14    Str: 15    XL:     8   Next: 57%
Magic:  8/8        EV: 11    Int: 10    God:
Gold:   225        SH:  5    Dex: 15    Spells: 7/7 levels left

rFire   . . .        Y - +1 shortbow
rCold   . . .        (shield currently unavailable)
rNeg    + . .        i - +0 ring mail
rPois   inf          d - +0 helmet
rElec   +            k - +0 cloak
rCorr   +            (no gloves)
SInv    .            n - +0 pair of boots
Will    .....        a - amulet of reflection
Stlth   +            f - ring of resist corrosion
HPRegen 0.28/turn    (no ring)
MPRegen 0.11/turn

%: reflection
@: no status effects
A: sickness immunity, AC +5, negative energy resistance 1, electricity
resistance, torment resistance 1, petrification resistance
a: no special abilities


You were on level 6 of the Dungeon.
You visited 1 branch of the dungeon, and saw 6 of its levels.

You collected 225 gold pieces.


Innate Abilities, Weirdness & Mutations

You are immune to sickness and miasma.
Your stone body is resilient. (AC +5)
You are immune to poison.
You resist negative energy. (rN+)
You are resistant to electric shocks. (rElec)
You are resistant to unholy torment.
You are immune to petrification.


   Skills:
 + Level 5.4 Fighting
 - Level 9.1 Ranged Weapons
 - Level 3.1 Armour
 - Level 2.3 Dodging
 - Level 1.1 Stealth


You had 7 spell levels left.
You didn't know any spells.
Your spell library was empty.

Inventory:

Hand Weapons
 Y - a +1 shortbow (weapon)
Armour
 d - a +0 helmet (worn)
 i - a +0 ring mail (worn)
 k - a +0 cloak (worn)
 n - a +0 pair of boots (worn)
Jewellery
 a - an amulet of reflection (around neck)
 f - a ring of resist corrosion (left hand)
Scrolls
 c - a scroll of identify
Potions
 g - a potion of mutation {unknown}
 h - a potion of curing
 l - a potion of lignification {unknown}

Dungeon Overview and Level Annotations

Branches:
Dungeon (6/15)
 Temple: D:4-7

Altars:
Ashenzari
Dithmenos
Trog
Wu Jian

Shops:
D:5 (

Annotations:
D:4 2 transporters, qw's ghost, amateur MiHs


Message History

The adder bites you but does no damage. The ice beast closely misses you.
The orc hits you but does no damage.
You shoot an arrow. The arrow hits the ice beast.
The ice beast is moderately wounded.
The adder misses you. The ice beast hits you. The ice beast freezes you!
The orc hits you but does no damage. The jelly barely misses you.
The adder bites you but does no damage.
You shoot an arrow. The arrow hits the ice beast.
The ice beast is moderately wounded.
You hear a shout!
The ice beast hits you but does no damage.
The orc hits you but does no damage. The jelly hits you but does no damage.
You block the adder's attack.
You shoot an arrow.
The arrow hits the ice beast but does no damage.
The ice beast is moderately wounded.
You block the adder's attack. You block the ice beast's attack.
The orc hits you but does no damage. The jelly hits you but does no damage.
You shoot an arrow.
The arrow completely misses the ice beast.
You block the adder's attack.
The ice beast hits you but does no damage.
The orc hits you but does no damage. The jelly barely misses you.
The adder bites you.
You shoot an arrow.
The arrow hits the ice beast but does no damage.
The ice beast is moderately wounded.
The ice beast hits you but does no damage.
The orc misses you. The jelly closely misses you.
The adder bites you but does no damage.
You shoot an arrow. The arrow hits the ice beast.
The ice beast is heavily wounded.
The adder bites you but does no damage. The ice beast closely misses you.
You block the orc's attack. The jelly barely misses you.
The ice beast hits you. The ice beast freezes you.
The adder bites you but does no damage.
You shoot an arrow. The arrow hits the ice beast!
The ice beast is severely wounded.
The orc priest invokes the aid of Beogh against you.
Beogh smites you!
You die...

g.. J.. g.
#######.# .
##..oo@#.####.#
#....JSYg......
#.....oo.......
#....%.........
#...............
#...#.........##
##..............
#.............#
##.##.........#


You could see an ice beast, a jelly, an orc priest, a gnoll, an adder and 3
orcs.

Vanquished Creatures
  Grinder (D:4)
  A black bear (D:4)
  A centaur (D:6)
  A phantom (D:5)
  3 scorpions
  5 wights (D:5)
  A hound (D:3)
  A sleepcap (D:5)
  3 iguanas (D:4)
  Terence (D:2)
  Natasha (twice) (D:2)
  5 gnolls
  8 adders
  2 white imps
  An ufetubus (D:5)
  A worm (D:3)
  3 dart slugs
  2 orcs
  7 ball pythons
  10 endoplasms
  3 goblins
  6 hobgoblins
  5 jackals
  3 kobolds
  A quokka (D:3)
  5 bats
  4 frilled lizards
  10 rats
96 creatures vanquished.

Notes
Turn   | Place    | Note
-------+----------+-------------------------------------------
     0 | D:1      | qw the Gargoyle Hunter began the quest for the Orb.
     0 | D:1      | Reached XP level 1. HP: 12/12 MP: 1/1
     0 | D:1      | 0 ||| qw: Version: 0.3-a-75-g829b12e
     0 | D:1      | 0 ||| qw: Game counter: 128
     0 | D:1      | 0 ||| qw: Melee chars always use a shield: true
     0 | D:1      | 0 ||| qw: God list: Okawaru
     0 | D:1      | 0 ||| qw: Allow faded altars: false
     0 | D:1      | 0 ||| qw: Do Orc after clearing Dungeon:15 true
     0 | D:1      | 0 ||| qw: Do second Lair branch before Depths: true
     0 | D:1      | 0 ||| qw: Lair rune preference: random
     0 | D:1      | 0 ||| qw: Goals: Normal
     0 | D:1      | 0 ||| PLANNING D:1-11
    59 | D:1      | Reached XP level 2. HP: 17/17 MP: 2/2
   293 | D:1      | Reached XP level 3. HP: 21/21 MP: 3/3
   390 | D:1      | Reached skill level 5 in Ranged Weapons
   732 | D:1      | 732 ||| READING scroll labelled RUKOHO AGHODOI.
   733 | D:1      | 733 ||| READING scroll labelled CERUNARAHU.
   733 | D:1      | Identified a scroll of acquirement
   733 | D:1      | 733 ||| ACQUIRING amulet of reflection
   733 | D:1      | Acquired an amulet of reflection
   735 | D:1      | 735 ||| UPGRADING to amulet of reflection.
   740 | D:1      | 740 ||| DROPPING scroll of butterflies.
   789 | D:2      | 789 ||| STAIRDANCE
   793 | D:2      | 793 ||| STAIRDANCE
   797 | D:2      | 797 ||| STAIRDANCE
   801 | D:2      | 801 ||| STAIRDANCE
   805 | D:2      | 805 ||| STAIRDANCE
   809 | D:2      | 809 ||| STAIRDANCE
   813 | D:2      | 813 ||| STAIRDANCE
   817 | D:2      | 817 ||| STAIRDANCE
   821 | D:2      | 821 ||| STAIRDANCE
   825 | D:2      | 825 ||| STAIRDANCE
   829 | D:2      | 829 ||| STAIRDANCE
   833 | D:2      | 833 ||| STAIRDANCE
   837 | D:2      | 837 ||| STAIRDANCE
   841 | D:2      | 841 ||| STAIRDANCE
   845 | D:2      | 845 ||| STAIRDANCE
   849 | D:2      | 849 ||| STAIRDANCE
   853 | D:2      | 853 ||| STAIRDANCE
   857 | D:2      | 857 ||| STAIRDANCE
   861 | D:2      | 861 ||| STAIRDANCE
   865 | D:2      | 865 ||| STAIRDANCE
   917 | D:2      | Noticed Terence
   932 | D:2      | HP: 4/22 [Terence/+1 short sword of draining (5)]
   933 | D:2      | Killed Terence
   934 | D:2      | Reached skill level 3 in Fighting
   934 | D:2      | Reached XP level 4. HP: 6/28 MP: 4/4
  1028 | D:2      | 1028 ||| UPGRADING to +0 helmet.
  1033 | D:2      | 1033 ||| READING scroll labelled GALOWO GOMOZEM.
  1187 | D:2      | Noticed Natasha
  1197 | D:2      | Killed Natasha
  1255 | D:2      | Noticed Natasha
  1266 | D:2      | 1266 ||| Stepping ~*~*~tactically~*~*~ (retreating).
  1267 | D:2      | 1267 ||| Stepping ~*~*~tactically~*~*~ (retreating).
  1268 | D:2      | 1268 ||| Stepping ~*~*~tactically~*~*~ (retreating).
  1269 | D:2      | Killed Natasha
  1270 | D:2      | Reached XP level 5. HP: 12/32 MP: 5/5
  1477 | D:2      | Reached skill level 6 in Ranged Weapons
  1664 | D:2      | 1664 ||| UPGRADING to +0 ring mail.
  1674 | D:2      | 1674 ||| DROPPING +0 leather armour.
  1675 | D:2      | 1675 ||| DROPPING amulet of guardian spirit.
  1676 | D:2      | 1676 ||| READING scroll labelled KUECEB WOESAC.
  1677 | D:2      | 1677 ||| READING scroll labelled NICWIBBYSUI.
  1678 | D:2      | 1678 ||| READING scroll labelled QIMEDI YVYIDGH.
  1679 | D:2      | 1679 ||| READING 2 scrolls labelled AZASUW DIUPOS.
  1684 | D:2      | 1684 ||| DRINKING 2 viscous dark potions.
  1769 | D:3      | Found an ornate altar of the Wu Jian Council.
  1812 | D:3      | Reached skill level 1 in Armour
  1983 | D:3      | 1983 ||| FLEEEEING.
  2131 | D:3      | Reached XP level 6. HP: 38/38 MP: 6/6
  2281 | D:3      | Found a broken altar of Ashenzari.
  2436 | D:3      | 2436 ||| UPGRADING to +0 cloak.
  2441 | D:3      | 2441 ||| UPGRADING to +0 pair of boots.
  2446 | D:3      | 2446 ||| UPGRADING to ring of resist corrosion.
  2447 | D:3      | 2447 ||| DROPPING ring of wizardry.
  2448 | D:3      | 2448 ||| READING scroll labelled VOPSUL TISTETH.
  2449 | D:3      | 2449 ||| READING 2 scrolls of identify.
  2449 | D:3      | 2449 ||| IDENTIFYING murky pink potion
  2450 | D:3      | 2450 ||| DROPPING potion of invisibility.
  2471 | D:4      | Noticed qw's ghost (amateur MiHs)
  2471 | D:4      | Found a transporter.
  2517 | D:4      | Noticed a black bear
  2524 | D:4      | Killed a black bear
  2525 | D:4      | Reached skill level 3 in Armour
  2628 | D:4      | Reached XP level 7. HP: 29/43 MP: 7/7
  2856 | D:4      | Noticed Grinder
  2877 | D:4      | Paralysed by Grinder for 5 turns
  2887 | D:4      | Paralysed by Grinder for 3 turns
  2894 | D:4      | Killed Grinder
  2895 | D:4      | Reached skill level 7 in Ranged Weapons
  3062 | D:4      | Found a transporter.
  3140 | D:4      | 3140 ||| READING scroll labelled NUOKATT MUETOST.
  3141 | D:4      | 3141 ||| DRINKING 2 pink potions.
  3142 | D:4      | 3142 ||| READING 2 scrolls of identify.
  3142 | D:4      | 3142 ||| IDENTIFYING yellow potion
  3143 | D:4      | 3143 ||| DROPPING potion of degeneration.
  3167 | D:5      | Entered Level 5 of the Dungeon
  3171 | D:5      | 3171 ||| STAIRDANCE
  3177 | D:4      | Reached skill level 8 in Ranged Weapons
  3197 | D:5      | 3197 ||| STAIRDANCE
  3249 | D:5      | HP: 9/44 [wight/+3 great sword (9)]
  3250 | D:5      | 3250 ||| READING 2 scrolls of teleportation.
  3251 | D:5      | 3251 ||| DRINKING potion of heal wounds.
  3259 | D:5      | HP: 11/44 [sleepcap (4)]
  3260 | D:5      | 3260 ||| READING scroll of teleportation.
  3262 | D:5      | Reached XP level 8. HP: 13/49 MP: 8/8
  3488 | D:5      | Found a shadowy altar of Dithmenos.
  3571 | D:5      | Found a bloodstained altar of Trog.
  3603 | D:5      | 3603 ||| RETREATING.
  3608 | D:5      | 3608 ||| Stepping ~*~*~tactically~*~*~ (retreating).
  3610 | D:5      | 3610 ||| Stepping ~*~*~tactically~*~*~ (outnumbered).
  3806 | D:5      | Found Honut's Weapon Shop.
  3933 | D:5      | 3933 ||| READING scroll labelled QIF HAAHEOXIU.
  3934 | D:5      | 3934 ||| READING 2 scrolls of identify.
  3934 | D:5      | 3934 ||| IDENTIFYING lumpy blue potion
  3935 | D:5      | 3935 ||| DROPPING potion of ambrosia.
  3962 | D:6      | 3962 ||| Stepping ~*~*~tactically~*~*~ (retreating).
  3964 | D:6      | 3964 ||| Stepping ~*~*~tactically~*~*~ (retreating).
  3970 | D:6      | 3970 ||| Stepping ~*~*~tactically~*~*~ (retreating).
  3971 | D:6      | 3971 ||| Stepping ~*~*~tactically~*~*~ (retreating).
  3975 | D:6      | Reached skill level 9 in Ranged Weapons
  3976 | D:6      | HP: 12/49 [orc/+0 whip (3)]
  3977 | D:6      | 3977 ||| DRINKING potion of heal wounds.
  3992 | D:6      | Killed from afar by an orc priest

Levels and vault maps discovered:
D:1:      spicycebolla_arrival_ecumenical, layout_loops_ring, hex_large,
          st_stairs_12, chequers_serial_rivers_micro_a
D:2:      layout_loops_ring, uniq_terence, uniq_natasha
D:3:      layout_rooms, mainiacjoe_overflow_catch_the_wave, kennysheep_donut,
          nrook_mini_vaults, nicolae_titane
D:4:      layout_rooms, gammafunk_ghost_mausoleum, uniq_grinder
D:5:      layout_rooms, kennysheep_little_box, mainiacjoe_overflow_alcove_4,
          serial_shops, shop, hangedman_glass_teeth
D:6:      layout_cave_pools, lemuel_crystal_altar, uniq_duvessa, uniq_pikel

Skill      XL: |  1  2  3  4  5  6  7  8 |
---------------+-------------------------+-----
Ranged Weapons | 5 6 8 9 |  9.1
Fighting       | 3 4 5 |  5.4
Armour         | 1 3 |  3.1
Dodging        | 2 |  2.3
Stealth        | |  1.1

Action                     |  1- 3 |  4- 6 |  7- 9 || total
---------------------------+-------+-------+-------++-------
   Fire: Shortbow          |    76 |   183 |   191 ||   450
    Use: Scroll            |     2 |     7 |     6 ||    15
         Potion            |       |     1 |     3 ||     4
 Armour: Leather armour    |    11 |    18 |       ||    29
         Ring mail         |       |    43 |   152 ||   195
  Dodge: Dodged            |     9 |    57 |   111 ||   177
  Block: Other             |     2 |    29 |    38 ||    69

Table legend:
 A = Non-vault XP
 B = Vault XP
 C = Vault XP percentage of total XP
 D = Non-vault monster count
 E = Vault monster count
 F = Vault count percentage of total count
                 A         B        C        D         E       F
            +---------+---------+-------+---------+---------+-------
      Total |    1515 |     353 |  18.9 |      92 |       4 |   4.2
            +---------+---------+-------+---------+---------+-------
        D:1 |      45 |       1 |   2.2 |      28 |       1 |   3.4
        D:2 |      87 |      71 |  44.9 |      11 |       2 |  15.4
        D:3 |     133 |       0 |   0.0 |      18 |       0 |   0.0
        D:4 |     443 |     281 |  38.8 |      18 |       1 |   5.3
        D:5 |     660 |       0 |   0.0 |      13 |       0 |   0.0
        D:6 |     147 |       0 |   0.0 |       4 |       0 |   0.0
            +---------+---------+-------+---------+---------+-------
